 Dungeon Crawl Stone Soup version 0.31.0-11-ge490571c62 (webtiles) character file.

Game seed: 13411306731866587882

91 oldriver the Magician (level 4, -1/25 HPs)
             Began as a Deep Elf Fire Elementalist on Jan 28, 2024.
             Slain by a sleepcap (8 damage)
             ... on level 4 of the Dungeon.
             The game lasted 00:03:48 (3684 turns).

oldriver the Magician (Deep Elf Fire Elementalist)  Turns: 3684, Time: 00:03:48

Health: -1/25      AC:  3    Str:  5    XL:     4   Next: 33%
Magic:  17/21      EV: 13    Int: 22    God:
Gold:   198        SH:  5    Dex: 15    Spells: 5/11 levels left

rFire   . . .        e - +3 whip (elec)
rCold   + + .        (no shield)
rNeg    . . .        a - +1 robe
rPois   .            (no helmet)
rElec   .            (no cloak)
rCorr   .            (no gloves)
SInv    .            (no boots)
Will    .....        i - amulet "Jaefum" {Reflect rC++ SH+5}
Stlth   ++           n - ring of magical power
HPRegen 0.24/turn    (no ring)
MPRegen 0.17/turn

%: reflection
@: no status effects
A: no striking features
a: no special abilities


You were on level 4 of the Dungeon.
You visited 1 branch of the dungeon, and saw 4 of its levels.

You collected 198 gold pieces.

Inventory:

Hand Weapons
 e - a +3 whip of electrocution (weapon)
Missiles
 q - 5 atropa-tipped darts
Armour
 a - a +1 robe (worn)
Jewellery
 i - the amulet "Jaefum" (around neck) {Reflect rC++ SH+5}
   (You found it on level 2 of the Dungeon)

   [amulet of reflection]

   Reflect:   It reflects blocked missile attacks.
   rC++:      It greatly protects you from cold.
   SH+5:      It affects your SH (+5).
 n - a ring of magical power (left hand)
Wands
 l - a wand of flame (13)
Scrolls
 c - 2 scrolls of identify
 f - a scroll of blinking
 r - a scroll of enchant armour
Potions
 b - a potion of magic
 g - 3 potions of curing
 k - a potion of heal wounds {unknown}
 m - a potion of invisibility {unknown}


   Skills:
 + Level 1.0 Fighting
 + Level 3.3 Dodging
 + Level 3.1 Stealth
 * Level 4.1 Spellcasting
 + Level 1.9 Conjurations
 + Level 3.6 Fire Magic


You had 5 spell levels left.
You knew the following spells:

 Your Spells              Type           Power      Damage    Failure   Level
a - Foxfire               Conj/Fire      64%        2x1d7     3%          1
b - Scorch                Fire           40%        2d6       3%          2
c - Volatile Blastmotes   Fire/Tloc      24%        2d12      16%         3

Your spell library contained the following spells:

 Spells                   Type           Power      Damage    Failure   Level
 Inner Flame              Hex/Fire       12%        N/A       16%         3
 Flame Wave               Conj/Fire      16%        2d7       34%         4
 Summon Cactus Giant      Summ           2%         N/A       100%        6


Dungeon Overview and Level Annotations

Branches:
Dungeon (4/15)
 Temple: D:4-7

Altars:
Cheibriados
Fedhas
Nemelex Xobeh
Ru
Sif Muna
The Shining One

Shops:
D:1 =


Message History

You conjure some foxfire!
You conjure some foxfire!
The foxfire hits the orc.
The orc is almost dead.
You miscast Foxfire.
You are very lightly contaminated with residual magic.
Nothing appears to happen.
The foxfire hits the orc.
You kill the orc!
You conjure some foxfire!
Your foxfire dissipates!
You conjure some foxfire!
Your foxfire dissipates!
You conjure some foxfire!
Your foxfire dissipates! x2
Your foxfire dissipates! x2
Your foxfire dissipates! x2
Your magical contamination has completely faded away.
Magic restored.
c - a scroll of identify
c - 2 scrolls of identify (gained 1)
Found a robe.
Found a stone staircase leading down.
A sleepcap comes into view.
Found a robe.
Casting: Foxfire (safe; 3% risk of failure)
Confirm with . or Enter, or press ? or * to list all spells.
Flames lash the sleepcap.
The sleepcap is moderately damaged.
The sleepcap's fire resistance burns away.
Casting: Scorch (safe; 3% risk of failure)
Confirm with . or Enter, or press ? or * to list all spells.
Flames lash the sleepcap.
The sleepcap is burned terribly!
The sleepcap is heavily damaged.
The sleepcap releases spores at you.
You are engulfed in a cloud of soporific spores!
You fall asleep.
The sleepcap releases spores at you!!
You wake up.
Ouch! That really hurt!
* * * LOW HITPOINT WARNING * * *
You feel better. The sleepcap releases spores at you!
You die...

....[.. .......
.......## ........#
........# ........#
......f.# #.# #@#
#.# #.# #.# #.# #.#
#.# #.# #.#
#####.###.#######
...
.###..........[....>
#..
........####..######
... ..##.#..# #..#


You could see a sleepcap (combustible).

Vanquished Creatures
  2 adders
  3 orcs
  8 endoplasms
  4 giant cockroaches
  7 goblins
  6 hobgoblins
  3 jackals (D:3)
  2 quokkas (D:1)
  11 ball pythons
  4 bats
  A frilled lizard (D:1)
  8 kobolds
  3 rats
62 creatures vanquished.

Vanquished Creatures (others)
  256 foxfires
256 creatures vanquished.

Grand Total: 318 creatures vanquished

Notes
Turn   | Place    | Note
-------+----------+-------------------------------------------
     0 | D:1      | oldriver the Deep Elf Fire Elementalist began the quest for
                  | the Orb.
     0 | D:1      | Reached XP level 1. HP: 10/10 MP: 6/6
   376 | D:1      | Reached XP level 2. HP: 15/15 MP: 5/8
   409 | D:1      | Learned a level 2 spell: Scorch
   931 | D:1      | Found Riungen's Jewellery Boutique.
  1185 | D:1      | Found a faded altar of an unknown god.
  1405 | D:1      | Reached XP level 3. HP: 20/20 MP: 7/10
  1613 | D:2      | Identified the amulet "Jaefum" {Reflect rC++ SH+5}
  1713 | D:2      | Found a glowing golden altar of the Shining One.
  2361 | D:3      | Learned a level 3 spell: Volatile Blastmotes
  2521 | D:3      | Reached skill level 1 in Fighting
  2521 | D:3      | Reached XP level 4. HP: 25/25 MP: 4/11
  2666 | D:3      | Reached skill level 4 in Spellcasting
  3015 | D:3      | Found a blossoming altar of Fedhas.
  3103 | D:3      | Found a sparkling altar of Nemelex Xobeh.
  3170 | D:3      | Found a shimmering blue altar of Sif Muna.
  3250 | D:3      | Found a snail-covered altar of Cheibriados.
  3399 | D:3      | Found a sacrificial altar of Ru.
  3684 | D:4      | Slain by a sleepcap

Illustrated notes

Levels and vault maps discovered:
D:1:      heliophobic_arrival_henge, layout_basic,
          ebering_ecumenical_altar_hall, serial_shops,
          nicolae_shop_back_alley_shop
D:2:      layout_basic, basic_altar
D:3:      layout_rooms, mainiacjoe_overflow_catwalk_spiral,
          jmf_multi_god_temple2, nicolae_ru_the_path_less_chosen
D:4:      layout_loops_ring, mainiacjoe_overflow_six_doors_small

Skill      XL: |  1  2  3  4 |
---------------+-------------+-----
Dodging        | 3 |  3.3
Stealth        | 3 |  3.1
Fighting       | 1 |  1.0
Spellcasting   | 4 |  4.1
Conjurations   | |  1.9
Fire Magic     | |  3.6

Action                     |  1- 3 |  4- 6 || total
---------------------------+-------+-------++-------
   Cast: Foxfire           |   104 |    49 ||   153
         Scorch            |    14 |     6 ||    20
    Use: Scroll            |       |    10 ||    10
         Potion            |       |     1 ||     1
 Armour: Robe              |     2 |     4 ||     6
  Dodge: Dodged            |     3 |       ||     3
  Block: Other             |     1 |     1 ||     2
         Reflection        |     1 |       ||     1
